← All builds
Geo sea / Legion / Economy first / OBSERVED BUILD

Standard geo sea

Legion Geo sea build order · Supreme Isthmus

The role's baseline: bot lab reclaimed for metal, shipyard built in the cove, Syracusia and Geothermal Powerplant on normal timing, transitioning into Argonaut and other naval units to contest the sea for the rest of the game.

Usually shipyard in the cove (94%) · geo on time (61%)

#naval #eco · 63 distinct matches · 31 players · 73% of Legion Geo sea games · team won 48% of 64 · Recently observed

HOW TO PLAY IT

Key timing: Shipyard by 3:06

  1. Open with mex and solar, then put down Legion Bot Lab for reclaim.
  2. Build Legion Bot Lab early, planning to eat it for metal.
  3. Build shipyard and reclaim the bot lab into the sea economy.
  4. Eat the Legion Bot Lab at 3:12 to fund early sea units.
  5. Add Syracusia then geothermal, transition into Argonaut-led sea army.

Phase by phase

TYPICAL OF ITS 63 GAMES
  1. 1
  2. 2
  3. 3
  4. 4
PLAY THE OPENING

Follow the example game's first 6:00 step by step: what to build now, what comes next, and where it goes. At 1× it keeps pace with your own game.

  1. 1

    Up to the Legion Bot Lab

    Economy
    • Metal Extractor3Mex
    • Wind Turbine3Wind
    Order
    1. Legion Bot LabLegion Bot Lab after 3 mex, 3 winddone ~1:12, middle half 1:06–1:25

    Some games also: wind for allies (41%)

    By 0:55 in all: 3 mex · 3 wind

    The example game in this phase · 6 steps
    1. Mex ×2
    2. Wind
    3. Mex
    4. Wind ×2
    5. Windfor Air
    6. Legion Bot LabLegion Bot Labdone 1:12 · typical 1:12
  2. 2

    Legion Bot Lab to Shipyard

    Economy
    • Metal Extractor1Mex
    Order
    1. ShipyardShipyard after 4 mex, 4 winddone ~3:11, middle half 2:41–3:34
    Builders
    • Zagreus3 Zagreus
    • Legion Construction Bot3 Legion Construction Bot

    Some games also: wind (48%) · con turret (48%) · Toxotai (38%) · wind for allies (34%) · Goblin (31%)

    By 2:41 in all: 4 mex · 4 wind

    The example game in this phase · 10 steps
    1. ZagreusZagreus
    2. Wind
    3. Wind ×2for Air
    4. ZagreusZagreus ×3
    5. Legion Construction BotLegion Construction Bot ×2
    6. Con turret
    7. PhobosPhobos
    8. Energy storage
    9. Mex
    10. ShipyardShipyarddone 3:36 · typical 3:11
  3. 3

    Shipyard to 5:00

    Economy
    • Metal Extractor4Mex
    • Wind Turbine2Wind
    Order
    1. Legion Bot LabEat Legion Bot Lab
    Builders
    • Construction Ship1 Con ship
    Army
    • Argonaut2 Argonaut
    • Syracusia1 Syracusia
    Other
    • Radar Tower1 Radar Tower

    Some games also: Pharos (50%) · submarine (41%) · Hippocampus (39%) · converter (36%)

    By 5:00 in all: 8 mex · 6 wind · 1 energy storage · 1 con turret

    The example game in this phase · 10 steps
    1. Mex
    2. Legion Bot LabEat Legion Bot Labreclaimed for its metal
    3. Mex
    4. HippocampusHippocampus ×2
    5. Construction ShipCon ship ×2
    6. HippocampusHippocampus ×2
    7. ArgonautArgonaut ×2
    8. PharosPharos
    9. SyracusiaSyracusiadone 5:32 · typical 5:33
    10. Mex
  4. 4

    5:00 to 10:00

    Economy
    • Metal Extractor2Mex
    • Wind Turbine11Wind
    • Energy Converter3Converter
    Order
    1. Geothermal PowerplantGeo after 9 mex, 7 wind, 1 solarin 52% of games
    Builders
    • Construction Turret1 Con turret
    • Dionysus1 Dionysus
    Army
    • Pharos2 Pharos
    • Legion Drone8 Legion Drone
    • Syracusia3 Syracusia
    • Argonaut3 Argonaut

    Some games also: con ship (48%) · Bramble (44%)

    By 10:00 in all: 10 mex · 18 wind · 1 geo · 5 converter · 1 energy storage · 2 con turret

    The example game in this phase · 141 steps
    1. Geothermal PowerplantGeodone 7:02 · typical 7:37
    2. Mex
    3. Legion DroneLegion Drone
    4. PharosPharos
    5. Naval Energy Converter
    6. DionysusDionysus
    7. ArgonautArgonaut
    8. Legion DroneLegion Drone
    9. ArgonautArgonaut
    10. Mex ×2
    11. ArgonautArgonaut
    12. Naval Energy Converter
    13. Converter
    14. Legion DroneLegion Drone
    15. Naval Energy Converter
    16. Converter
    17. DionysusDionysus
    18. Converter
    19. IapetusIapetus
    20. Converter ×2
    21. ArgonautArgonaut
    22. Converter
    23. ArgonautArgonaut
    24. Converter
    25. Legion DroneLegion Drone
    26. ArgonautArgonaut
    27. Converter
    28. SyracusiaSyracusia
    29. Legion DroneLegion Drone
    30. Converter ×2
    31. Advanced Metal ExtractorT2 mexdone 9:23 · typical 9:19
    32. Legion DroneLegion Drone
    33. Converter ×2
    34. Legion DroneLegion Drone
    35. DionysusDionysus
    36. Converter
    37. IapetusIapetus
    38. Legion DroneLegion Drone
    39. Naval Radar / Sonar TowerNaval Radar / Sonar Tower
    40. Converter ×2
    41. Legion DroneLegion Drone
    42. Converter ×2
    43. Advanced Metal ExtractorT2 mex
    44. Legion DroneLegion Drone
    45. ArgonautArgonaut
    46. Converter
    47. Legion DroneLegion Drone
    48. Con turret
    49. Legion DroneLegion Drone
    50. Converter
    51. ArgonautArgonaut
    52. Con turret
    53. ArgonautArgonaut
    54. Legion DroneLegion Drone
    55. Advanced Metal ExtractorT2 mex
    56. SyracusiaSyracusia
    57. Legion DroneLegion Drone ×3
    58. DionysusDionysus
    59. Legion DroneLegion Drone
    60. IapetusIapetus
    61. Legion DroneLegion Drone
    62. Wind
    63. HippocampusHippocampus
    64. Converter
    65. Wind
    66. ArgonautArgonaut
    67. Wind
    68. Advanced Metal ExtractorT2 mex
    69. Wind
    70. ArgonautArgonaut
    71. Converter
    72. Wind
    73. Legion DroneLegion Drone ×2
    74. Wind
    75. Legion DroneLegion Drone
    76. Wind
    77. ArgonautArgonaut
    78. Wind
    79. Legion DroneLegion Drone
    80. Converter
    81. SyracusiaSyracusia
    82. Legion DroneLegion Drone
    83. Wind
    84. Legion DroneLegion Drone
    85. Wind ×2
    86. Legion DroneLegion Drone ×2
    87. Wind
    88. Legion DroneLegion Drone
    89. DionysusDionysus
    90. Legion DroneLegion Drone
    91. Wind ×2
    92. Legion DroneLegion Drone
    93. IapetusIapetus
    94. Legion DroneLegion Drone
    95. Wind
    96. Advanced Metal ExtractorT2 mex
    97. Legion DroneLegion Drone
    98. HippocampusHippocampus
    99. Legion DroneLegion Drone
    100. ArgonautArgonaut
    101. Wind
    102. Legion DroneLegion Drone
    103. Wind
    104. ArgonautArgonaut
    105. Wind
    106. ArgonautArgonaut
    107. Wind
    108. SyracusiaSyracusia
    109. Wind
    110. Legion DroneLegion Drone
    111. Wind
    112. Legion DroneLegion Drone
    113. Wind
    114. Legion DroneLegion Drone ×2
    115. DionysusDionysus
    116. Wind
    117. Legion DroneLegion Drone
    118. IapetusIapetus
    119. Wind
    120. Legion DroneLegion Drone ×4
    121. Con turret
    122. HippocampusHippocampus
    123. ArgonautArgonaut
    124. Legion DroneLegion Drone
    125. Advanced Metal ExtractorT2 mex
    126. Legion DroneLegion Drone ×2
    127. ArgonautArgonaut
    128. Wind
    129. Con turret
    130. Wind
    131. Naval Construction Turret
    132. Con turret
    133. Legion DroneLegion Drone
    134. Metal storage
    135. Legion DroneLegion Drone ×2
    136. Naval Construction Turret
    137. ArgonautArgonaut
    138. Energy storage
    139. Naval Construction Turret
    140. Legion DroneLegion Drone
    141. IapetusIapetus

Counts are medians over the build's games: half of them build more, half fewer. The example game is theClaptain's (32 OS, 01/10/2026); pick another.

Team trades

IN AT LEAST 30% OF ITS GAMES

You hand over

  • Wind Turbine2 Wind to Airfirst at 1:42 · in 70% of games

You get

  • Finch1 Finch from Airfirst at 1:53 · in 59% of games
  • Hercules1 Light transport from Airfirst at 2:05 · in 44% of games
  • Advanced Construction Bot1 T2 con bot from Techfirst at 7:30 · in 77% of games

How it plays out

Typical game of this build, running totals by minute

Metal produced

010k20k30k
0:005:0010:0015:00

metal

Enemy metal destroyed

05k10k
0:005:0010:0015:00

metal

Own metal lost

02k4k6k
0:005:0010:0015:00

metal

64 games.

Show as table
ByMetal produced: This buildEnemy metal destroyed: This buildOwn metal lost: This build
1:0039500
2:0092800
3:00158400
4:002862020
5:00400714151
6:005382368122
7:006821653308
8:0084481412624
9:001015521361041
10:001222627191356
11:001471838851925
12:001776447562321
13:002035856292976
14:002344265493971
15:002727681574575
WHAT THE NUMBERS SAY

Standard sea opener with heavy early metal from eating the bot lab, but team still won well under half.

  • + Produces far more metal than enemy destroys by 5:00 (3995 vs 183).
  • − Team only won 41% of games despite the strong economy lead.
THE EXAMPLE YOU ARE READING

theClaptain

32.0 OS · 01/10/2026

Open source match ↗

4 received units · includes a constructor
263 metal received · 51140 energy received

Allied construction assistance is unknown. Timings are observations, not a promise of solo reproducibility.

Typical milestones

Legion Bot Lab1:12Middle 50%: 1:06–1:25 · n=63
Shipyard3:11Middle 50%: 2:41–3:34 · n=64
Syracusia5:33Middle 50%: 4:59–6:33 · n=64
Geothermal Powerplant7:37Middle 50%: 6:54–9:34 · n=42
Advanced Metal Extractor9:19Middle 50%: 8:35–9:53 · n=47

Played most by

KingBenjai9games of this buildsirniho9games of this buildRysica5games of this buildJesterB4games of this buildQwertylololo4games of this build